 Dungeon Sprint DCSS version 0.30.1-3-gfc49f6343a (webtiles) character file.

Game seed: 4240468555080910831

14957 boopmooplesden the Severer (level 11, -3/145 (154) HPs)
             Began as a Demonspawn Berserker on July 30, 2023.
             Was the Champion of Trog.
             Killed from afar by Josephine (37 damage)
             ... with a ghostly fireball
             ... in the Dungeon (Sprint IX: "|||||||||||||||||||||||||||||").
             The game lasted 00:04:45 (1259 turns).

boopmooplesden the Severer (Demonspawn Berserker)   Turns: 1259, Time: 00:04:47

HP:   -3/145 (154)  AC: 22    Str: 22    XL:     11   Next: 95%
MP:   11/11         EV: 18    Int:  6    God:    Trog [******]
Gold: 225           SH:  0    Dex: 17    Spells: 10/10 levels left

rFire   . . .        t - +11 dire flail "Killer Klown's Peril" {heavy, Will+}
rCold   . . .        (shield currently unavailable)
rNeg    . . .        q - +5 plate armour of the Turtledove {Harm rCorr Int-5 Dex+4}
rPois   .            (helmet restricted)
rElec   .            (no cloak)
rCorr   +            m - +0 pair of gloves
SInv    .            l - +0 pair of boots
Will    +....        (no amulet) Stlth
                     o - +2 ring of protection
HPRegen 1.44/turn    p - +3 ring of intelligence
MPRegen 0.12/turn

%: no teleportation, harm (+30% outgoing, +20% incoming)
@: mighty, agile, berserking, studying Long Blades, drained, very quick
A: horns 1, repulsion field 1, powered by death 2, powered by pain 1
a: Renounce Religion, Berserk, Trog's Hand, Brothers in Arms


You were in the Dungeon.
You worshipped Trog.
Trog was exalted by your worship.
You visited 1 branch You collected 1924 gold pieces.
You spent 1699 gold pieces at shops.

Inventory:

Hand Weapons
 a - a +0 hand axe
 k - a +3 war axe of freezing
 t - the +11 dire flail "Killer Klown's Peril" (weapon) {heavy, Will+}
   (Trog gifted it to you in the Dungeon)

   Will:      It increases your willpower.
 u - a +3 executioner's axe of flaming
Armour
 b - a +0 animal skin
 l - a +0 pair of boots (worn)
 m - a +0 pair of gloves (worn)
 n - a +2 ring mail
 q - the +5 plate armour of the Turtledove (worn) {Harm rCorr Int-5 Dex+4}
   (You bought it in a shop in the Dungeon)

   Int:       It affects your intelligence (-5).
   Dex:       It affects your dexterity (+4).
   rCorr:     It protects you from acid and corrosion.
   Harm:      It increases damage dealt and taken.
 v - a +2 plate armour
Jewellery
 o - a +2 ring of protection (left hand)
 p - a +3 ring of intelligence (right hand)
Wands
 j - a wand of roots (10)
Scrolls
 h - 6 scrolls of blinking
 r - 2 scrolls of enchant weapon
 s - a scroll of fear
Potions
 c - 5 potions of curing
 d - a potion of heal wounds
 e - a potion of haste
 f - 4 potions of magic
 g - 3 potions of berserk rage
 i - 2 potions of invisibility


   Skills:
 + Level 15.4 Fighting
 + Level 17.0(18.6) Axes
 + Level 12.7(16.5) Maces & Flails
 + Level 7.0 Armour
 + Level 10.9 Dodging
 + Level 3.9 Stealth


You had 10 spell levels left.
You didn't know any spells.
Your spell library was empty.

Dungeon Overview and Level Annotations

Branches:
Dungeon (1/1)

Altars:
Cheibriados
Dithmenos
Fedhas
Gozag
Hepliaklqana
Kikubaaqudgha
Makhleb
Nemelex Xobeh
Okawaru
Qazlal
Ru
Sif Muna
Trog
Uskayaw
Vehumet
Wu Jian
Xom
Yredelemnul
Jiyva
Lugonu

Shops:
D [::[

Annotations:
D Josephine, Sonja


Innate Abilities, Weirdness & Mutations

You have a pair of small horns on your head.
You are surrounded by a mild repulsion field. (EV +2)
You regenerate health from kills.
You sometimes gain a little power by taking damage.


Message History

Sonja casts a spell.
Sonja blinks!
Josephine the Decaying Necromancer comes into view.
She is wielding a +0 dagger.
Josephine shouts!
A wraith comes into view.
The wraith completely misses you.
You completely miss the wraith. The wraith hits you but does no damage.
You impale the wraith!!
You destroy the wraith!
Trog accepts your kill.
Sonja throws a curare-tipped dart.
The curare-tipped dart misses you.
A wraith comes into view.
A wraith comes into view.
Sonja hits you with a +1 dagger of distortion!
Space warps around you. Sonja hits you but does no damage.
Space warps horribly around you!
You focus on the pain.
You feel very mighty all of a sudden. Sonja closely misses you.
You hit Sonja. Your headbutt misses Sonja.
Sonja is moderately wounded.
Sonja hits you but does no damage. Space warps around you.
Sonja hits you but does no damage. Space warps around you.
Sonja hits you with a +1 dagger of distortion.
Space warps horribly around you!
You focus on the pain.
You feel agile all of a sudden. Sonja hits you but does no damage.
Space warps around you. Sonja hits you but does no damage.
Space warps horribly around you!
* * * LOW HITPOINT WARNING * * *
You focus on the pain.
You feel mightier all of a sudden. Sonja closely misses you.
A wraith comes into view.
A red film seems to cover your vision as you go berserk!
You feel yourself moving faster!
You feel mighty!
Sonja mumbles some strange words.
Sonja blinks!
Josephine points at you and mumbles some strange words.
The ghostly flame explodes!
The ghostly fireball engulfs you!!
You feel drained.
You die...

▓.▓.▓.▓.▓.▓.▓
▓.▓.▓.▓.▓.▓'▓
▓.▓.▓.▓.▓.▓.▓
▓.▓.▓.▓'▓.▓.▓
▓K▓.▓.▓.▓.▓(▓
▓.▓.▓.▓.▓.▓.▓
▓.▓.▓.▓[▓.▓.▓
▓.▓.▓.▓[▓.▓)▓
▓@▓'▓.▓[▓.▓(▓
▓§▓.▓.▓[▓.▓.▓
▓@▓.▓.▓.▓.▓.▓
▓W▓.▓.▓.▓.▓.▓
▓W▓.▓.▓'▓.▓.▓
▓W▓.▓.▓(▓.▓.▓
▓W▓∩▓.▓(▓.▓)▓
▓.▓)▓.▓.▓.▓'▓
▓∩▓.▓.▓.▓.▓


You could see Josephine, 4 wraiths and Sonja.

Vanquished Creatures
  A stone giant (D)
  A death yak (D)
  A two-headed ogre (D)
  Erica (D)
  An ugly thing (D)
  3 orc knights (D)
  8 orc sorcerers (D)
  A cyclops (D)
  2 black mambas (D)
  A gargoyle (D)
  A cane toad (D)
  A rime drake (D)
  2 komodo dragons (D)
  4 polar bears (D)
  A troll (D)
  A wyvern (D)
  A wraith (D)
  2 yaks (D)
  3 water moccasins (D)
  6 black bears (D)
  11 orc warriors (D)
  A wolf (D)
  A phantom (D)
  3 bullfrogs (D)
  A killer bee (D)
  2 howler monkeys (D)
  3 orc priests (D)
  A hound (D)
  A sleepcap (D)
  9 orc wizards (D)
  A gnoll (D)
  4 orcs (D)
  2 endoplasms (D)
  A giant cockroach (D)
  2 rats (D)
85 creatures vanquished.

Vanquished Creatures (collateral kills)
  A centaur warrior (D)
  A cyclops (D)
2 creatures vanquished.

Vanquished Creatures (others)
  An orc wizard (D)
1 creature vanquished.

Grand Total: 88 creatures vanquished

Notes
Turn   | Place    | Note
-------+----------+-------------------------------------------
     0 | D        | boopmooplesden the Demonspawn Berserker began the quest for
                  | the Orb.
     0 | D        | Reached XP level 1. HP: 18/18 MP: 1/1
    12 | D        | Reached skill level 3 in Axes
    17 | D        | Reached ** piety under Trog
    25 | D        | Noticed a phantom
    25 | D        | Noticed a hound
    25 | D        | Noticed an orc wizard
    25 | D        | Noticed a sleepcap
    30 | D        | Gained mutation: You regenerate a little health from kills.
                  | [demonic ancestry]
    30 | D        | Reached XP level 2. HP: 25/25 MP: 2/2
    31 | D        | Reached *** piety under Trog
    32 | D        | Reached skill level 4 in Axes
    32 | D        | Reached XP level 3. HP: 31/32 MP: 3/3
    38 | D        | Reached skill level 5 in Fighting
    38 | D        | Reached skill level 5 in Axes
    41 | D        | Gained mutation: You are surrounded by a mild repulsion
                  | field. (EV +2) [demonic ancestry]
    41 | D        | Reached XP level 4. HP: 22/40 MP: 4/4
    47 | D        | Killed a phantom
    47 | D        | Reached **** piety under Trog
    48 | D        | Reached skill level 7 in Axes
    48 | D        | Reached skill level 1 in Stealth
    48 | D        | Reached XP level 5. HP: 26/47 MP: 5/5
    54 | D        | Found a snail-covered altar of Cheibriados.
    54 | D        | Found a shadowy altar of Dithmenos.
    54 | D        | Found a blossoming altar of Fedhas.
    54 | D        | Found an opulent altar of Gozag.
    55 | D        | Found a hazy altar of Hepliaklqana.
    56 | D        | Found a viscous altar of Jiyva.
    57 | D        | Found an ancient bone altar of Kikubaaqudgha.
    58 | D        | Found a corrupted altar of Lugonu.
    59 | D        | Found a burning altar of Makhleb.
    60 | D        | Found a sparkling altar of Nemelex Xobeh.
    61 | D        | Found an iron altar of Okawaru.
    62 | D        | Found a stormy altar of Qazlal.
    63 | D        | Found a sacrificial altar of Ru.
    64 | D        | Found a shimmering blue altar of Sif Muna.
    65 | D        | Found a bloodstained altar of Trog.
    66 | D        | Found a hide-covered altar of Uskayaw.
    67 | D        | Found a radiant altar of Vehumet.
    68 | D        | Found an ornate altar of the Wu Jian Council.
    69 | D        | Found a shimmering altar of Xom.
    70 | D        | Found a basalt altar of Yredelemnul.
   123 | D        | Noticed a wyvern
   123 | D        | Noticed a two-headed ogre
   123 | D        | Noticed an orc warrior
   137 | D        | Killed a two-headed ogre
   138 | D        | Reached skill level 11 in Axes
   138 | D        | Gained mutation: You regenerate health from kills. [demonic
                  | ancestry]
   138 | D        | Reached XP level 6. HP: 60/60 MP: 6/6
   138 | D        | Reached XP level 7. HP: 65/65 MP: 7/7
   141 | D        | Reached ***** piety under Trog
   142 | D        | Reached skill level 10 in Fighting
   148 | D        | Killed a wyvern
   149 | D        | Gained mutation: You sometimes gain a little power by
                  | taking damage. [demonic ancestry]
   149 | D        | Reached XP level 8. HP: 72/72 MP: 8/8
   180 | D        | Noticed a cyclops
   180 | D        | Noticed a centaur warrior
   180 | D        | Noticed a cyan ugly thing
   180 | D        | Noticed a troll
   180 | D        | Noticed a gargoyle
   180 | D        | Noticed a cyclops
   183 | D        | Killed a cyclops
   184 | D        | Reached skill level 12 in Axes
   188 | D        | Killed a gargoyle
   191 | D        | Killed a troll
   192 | D        | Reached skill level 13 in Axes
   192 | D        | Reached XP level 9. HP: 72/81 MP: 9/9
   199 | D        | Killed a cyan ugly thing
   204 | D        | Killed a centaur warrior
   205 | D        | Reached skill level 14 in Axes
   205 | D        | Killed a cyclops
   206 | D        | Reached skill level 15 in Axes
   315 | D        | Noticed a komodo dragon
   328 | D        | Noticed a komodo dragon
   334 | D        | Killed a komodo dragon
   334 | D        | Identified the +11 dire flail "Killer Klown's Peril"
                  | {heavy, Will+} (Trog gifted it to you in the Dungeon)
   334 | D        | Received a gift from Trog
   335 | D        | Reached XP level 10. HP: 90/90 MP: 10/10
   342 | D        | Reached skill level 5 in Armour
   359 | D        | Reached skill level 16 in Axes
   492 | D        | Noticed a death yak
   493 | D        | Noticed a black mamba
   496 | D        | Noticed a black mamba
   500 | D        | Killed a death yak
   500 | D        | Received a gift from Trog
   501 | D        | Reached skill level 1 in Maces & Flails
   505 | D        | Noticed a cane toad
   506 | D        | Killed a black mamba
   513 | D        | Killed a black mamba
   518 | D        | Killed a cane toad
   518 | D        | Received a gift from Trog
   676 | D        | Reached skill level 17 in Axes
   676 | D        | Reached skill level 5 in Maces & Flails
   689 | D        | Received a gift from Trog
   693 | D        | Gained mutation: You have a pair of small horns on your
                  | head. [demonic ancestry]
   693 | D        | Reached XP level 11. HP: 98/99 MP: 11/11
   754 | D        | Noticed Erica
   764 | D        | Killed Erica
   765 | D        | Reached skill level 10 in Dodging
   833 | D        | Noticed an orc knight
   835 | D        | Noticed an orc sorcerer
   837 | D        | Reached ****** piety under Trog
   842 | D        | Received a gift from Trog
   843 | D        | Noticed an orc knight
   845 | D        | Noticed a stone giant
   848 | D        | Killed an orc knight
   850 | D        | Killed an orc sorcerer
   862 | D        | Killed a stone giant
   869 | D        | Killed an orc knight
  1054 | D        | Noticed an orc knight
  1056 | D        | Received a gift from Trog
  1069 | D        | Killed an orc knight
  1070 | D        | Reached skill level 10 in Maces & Flails
  1081 | D        | Received a gift from Trog
  1134 | D        | Found Cosuwytz's Antique Armour Boutique.
  1134 | D        | Noticed an orc sorcerer
  1134 | D        | Noticed an orc sorcerer
  1135 | D        | Noticed an orc sorcerer
  1136 | D        | Killed an orc sorcerer
  1137 | D        | Noticed a sun demon
  1138 | D        | Found Niefoh's Book Shop.
  1141 | D        | Killed an orc sorcerer
  1141 | D        | Received a gift from Trog
  1143 | D        | Killed an orc sorcerer
  1144 | D        | Reached skill level 15 in Fighting
  1144 | D        | Found Cakeej's Book Boutique.
  1147 | D        | Found Onua's Armour Shop.
  1147 | D        | Noticed an orc sorcerer
  1152 | D        | Noticed an orc sorcerer
  1156 | D        | Noticed an orc sorcerer
  1157 | D        | Noticed an orc sorcerer
  1159 | D        | Killed an orc sorcerer
  1159 | D        | Received a gift from Trog
  1165 | D        | Killed an orc sorcerer
  1169 | D        | Killed an orc sorcerer
  1170 | D        | Received a gift from Trog
  1174 | D        | Killed an orc sorcerer
  1215 | D        | Bought a manual of Long Blades for 880 gold pieces
  1219 | D        | Bought the +5 plate armour of the Turtledove {Harm rCorr
                  | Int-5 Dex+4} for 819 gold pieces
  1252 | D        | Noticed Sonja
  1253 | D        | Noticed Josephine
  1259 | D        | Killed from afar by Josephine

Illustrated notes

Levels and vault maps discovered:
D:        linesprint [early_d, line_temple, items_1, d_10, items_2, lair_1,
          lair_end, items_3, orc_1, orc_end, items_4, d_15, swamp_1, shoals_1,
          snake_1, spider_1, d_20, vaults_1, items_5, swamp_end, shoals_end,
          snake_end, spider_end, vaults_end, d_27, items_6, zot_1, zot_end,
          crypt_end, forest_end, elf_end, slime_end, tomb_end, abyss_end,
          pan_hell_end]

Skill      XL: |  1  2  3  4  5  6  7  8  9 10 11 |
---------------+----------------------------------+-----
Axes           | 3 4 5 7 11 13 15 17 | 17.0
Dodging        | 2 3 4 6 7 8 9 10 | 10.9
Armour         | 2 3 4 6 7 |  7.0
Fighting       | 4 5 6 9 10 11 12 13 15 | 15.4
Stealth        | 1 2 3 |  3.9
Maces & Flails | 6 12 | 12.7

Action                     |  1- 3 |  4- 6 |  7- 9 | 10-12 || total
---------------------------+-------+-------+-------+-------++-------
  Melee: Hand axe          |    29 |     7 |       |       ||    36
         War axe           |       |    12 |    42 |    23 ||    77
         Punch             |       |       |     1 |       ||     1
         Dire flail        |       |       |       |   160 ||   160
         Headbutt          |       |       |       |    19 ||    19
 Invoke: Berserk           |     1 |     1 |     2 |     5 ||     9
         Brothers in Arms  |       |       |     1 |       ||     1
    Use: Potion            |       |       |     1 |     1 ||     2
         Scroll            |       |       |       |     2 ||     2
   Stab: Sleeping          |     1 |       |       |       ||     1
 Armour: Animal skin       |     4 |     1 |       |       ||     5
         Ring mail         |       |     2 |     8 |    41 ||    51
         Plate armour      |       |       |       |    16 ||    16
  Dodge: Dodged            |    11 |    11 |    28 |   122 ||   172
